2242 views
Uploaded 2022-08-06 02:34:40
Game version 1.32.10
56:01 long 4on4 ladder game on (8)Battleground_LV
Saved by GIGA
2242 views
Uploaded 2022-08-06 02:34:40
Game version 1.32.10
56:01 long 4on4 ladder game on (8)Battleground_LV


266 units @ 40.2k
/ 7k
184 buildings @ 25.5k
/ 11k



| Rod of Necromancy | 3 | 450 |
| Sacrificial Skull | 1 | 50 |
| Ritual Dagger | 2 | 250 |
| Potion of Healing | 1 | 150 |
| Orb of Corruption | 2 | 750 |
| Scroll of Town Portal | 11 | 3850 |
| Dust of Appearance | 1 | 75 |
| total: | 21 | 5575g |
| Acolyte | 32 | 2400 | / | 0 |
| Ghoul | 4 | 480 | / | 0 |
| Crypt Fiend | 13 | 2795 | / | 520 |
| Obsidian Statue | 8 | 1600 | / | 280 |
| Frost Wyrm | 13 | 5005 | / | 1560 |
| Meat Wagon | 2 | 460 | / | 100 |
| total: | 72 | 12740g | / | 2460w |
| Graveyard | 4 | 860 | / | 0 |
| Crypt | 4 | 800 | / | 200 |
| Ziggurat | 9 | 1350 | / | 450 |
| Altar of Darkness | 1 | 180 | / | 50 |
| Tomb of Relics | 1 | 130 | / | 30 |
| Necropolis | 9 | 2025 | / | 0 |
| Slaughterhouse | 4 | 560 | / | 540 |
| Boneyard | 5 | 875 | / | 1000 |
| Halls of the Dead | 1 | 320 | / | 210 |
| Black Citadel | 1 | 325 | / | 230 |
| total: | 37 | 6780g | / | 2270w |
| 0:02 | Acolyte |
| 0:05 | Graveyard |
| 0:09 | Graveyard |
| 0:10 | Graveyard |
| 0:11 | Graveyard |
| 0:12 | Crypt |
| 0:17 | Acolyte |
| 0:36 | Ziggurat |
| 0:55 | Altar of Darkness |
| 1:09 | Acolyte |
| 1:15 | Ghoul |
| 1:30 | Ziggurat |
| 1:37 | Ghoul |
| 2:03 | Ghoul |
| 2:26 | Tomb of Relics |
| 2:35 | Halls of the Dead |
| 2:55 | Carrion Beetles |
| 3:03 | Crypt Fiend |
| 3:57 | Rod of Necromancy |
| 3:58 | Sacrificial Skull |
| 3:58 | Ritual Dagger |
| 4:09 | Crypt Fiend |
| 4:17 | Ziggurat |
| 5:12 | Black Citadel |
| 5:18 | Slaughterhouse |
| 5:23 | Ziggurat |
| 5:34 | Spiked Carapace |
| 6:22 | Obsidian Statue |
| 6:49 | Death Coil |
| 6:50 | Rod of Necromancy |
| 6:51 | Potion of Healing |
| 6:54 | Obsidian Statue |
| 7:28 | Carrion Beetles |
| 7:36 | Obsidian Statue |
| 7:37 | Destroyer Form |
| 8:00 | Web |
| 8:59 | Obsidian Statue |
| 9:05 | Orb of Corruption |
| 9:06 | Rod of Necromancy |
| 9:09 | Frost Nova |
| 9:43 | Obsidian Statue |
| 9:54 | Creature Attack |
| 10:19 | Ziggurat |
| 10:21 | Unholy Aura |
| 10:30 | Ziggurat |
| 10:33 | Boneyard |
| 11:31 | Improved Creature Attack |
| 11:35 | Ziggurat |
| 11:39 | Acolyte |
| 12:26 | Freezing Breath |
| 12:29 | Frost Wyrm |
| 13:03 | Necropolis |
| 13:58 | Crypt |
| 14:00 | Crypt |
| 14:12 | Boneyard |
| 14:15 | Crypt |
| 15:12 | Frost Wyrm |
| 15:15 | Acolyte |
| 15:15 | Acolyte |
| 15:15 | Acolyte |
| 15:16 | Acolyte |
| 15:16 | Acolyte |
| 15:49 | Crypt Fiend |
| 17:05 | Crypt Fiend |
| 17:21 | Necropolis |
| 17:37 | Scroll of Town Portal |
| 17:50 | Orb of Corruption |
| 18:12 | Acolyte |
| 18:13 | Acolyte |
| 18:13 | Acolyte |
| 18:13 | Acolyte |
| 18:31 | Advanced Creature Attack |
| 18:47 | Crypt Fiend |
| 19:07 | Frost Armor |
| 19:18 | Crypt Fiend |
| 19:47 | Creature Carapace |
| 20:02 | Spiked Carapace |
| 20:23 | Crypt Fiend |
| 20:24 | Crypt Fiend |
| 21:00 | Scroll of Town Portal |
| 21:00 | Scroll of Town Portal |
| 22:07 | Ziggurat |
| 23:25 | Scroll of Town Portal |
| 24:54 | Necropolis |
| 25:04 | Acolyte |
| 26:12 | Death Coil |
| 26:34 | Acolyte |
| 27:11 | Necropolis |
| 28:35 | Necropolis |
| 29:17 | Acolyte |
| 29:17 | Acolyte |
| 29:17 | Acolyte |
| 29:18 | Acolyte |
| 29:18 | Acolyte |
| 30:16 | Slaughterhouse |
| 30:17 | Slaughterhouse |
| 30:18 | Slaughterhouse |
| 30:46 | Acolyte |
| 30:46 | Acolyte |
| 30:46 | Acolyte |
| 30:46 | Acolyte |
| 31:02 | Exhume Corpses |
| 31:06 | Unholy Strength |
| 31:19 | Ghoul |
| 32:00 | Acolyte |
| 32:10 | Scroll of Town Portal |
| 32:10 | Scroll of Town Portal |
| 33:01 | Meat Wagon |
| 33:31 | Burrow |
| 33:44 | Obsidian Statue |
| 34:56 | Meat Wagon |
| 36:49 | Acolyte |
| 37:45 | Improved Creature Carapace |
| 38:08 | Boneyard |
| 38:10 | Boneyard |
| 38:12 | Boneyard |
| 38:38 | Frost Wyrm |
| 39:06 | Necropolis |
| 39:26 | Frost Wyrm |
| 39:26 | Frost Wyrm |
| 39:27 | Frost Wyrm |
| 39:38 | Obsidian Statue |
| 40:27 | Frost Wyrm |
| 41:10 | Frost Wyrm |
| 41:24 | Frost Wyrm |
| 41:37 | Frost Wyrm |
| 41:55 | Necropolis |
| 42:37 | Ziggurat |
| 42:55 | Dust of Appearance |
| 43:49 | Necropolis |
| 45:08 | Scroll of Town Portal |
| 45:21 | Necropolis |
| 46:41 | Advanced Creature Carapace |
| 47:24 | Frost Wyrm |
| 47:44 | Acolyte |
| 47:44 | Acolyte |
| 47:44 | Acolyte |
| 47:45 | Acolyte |
| 47:51 | Acolyte |
| 48:07 | Crypt Fiend |
| 48:15 | Crypt Fiend |
| 48:32 | Obsidian Statue |
| 48:57 | Crypt Fiend |
| 48:59 | Crypt Fiend |
| 49:07 | Frost Wyrm |
| 50:18 | Frost Nova |
| 50:21 | Frost Wyrm |
| 50:25 | Acolyte |
| 50:42 | Crypt Fiend |
| 50:45 | Scroll of Town Portal |
| 51:42 | Scroll of Town Portal |
| 51:42 | Scroll of Town Portal |
| 53:17 | Scroll of Town Portal |
| 53:20 | Ritual Dagger |
| Select group | 7065 |
| Right click | 2402 |
| Select | 1375 |
| Build/train/purchase | 215 |
| Assign group | 171 |
| Use ability | 71 |
| Remove unit | 11 |
| Item give/drop | 2 |


| Scroll of Town Portal | 2 | 700 |
| Scroll of Healing | 3 | 750 |
| Boots of Speed | 1 | 250 |
| Staff of Teleportation | 1 | 150 |
| Potion of Lesser Invulnerability | 1 | 150 |
| Scroll of Protection | 1 | 150 |
| Orb of Corruption | 1 | 375 |
| total: | 10 | 2525g |
| Wisp | 55 | 3300 | / | 0 |
| Archer | 9 | 1170 | / | 90 |
| Druid of the Claw | 5 | 1275 | / | 400 |
| Glaive Thrower | 7 | 1470 | / | 455 |
| total: | 76 | 7215g | / | 945w |
| Ancient Protector | 5 | 675 | / | 400 |
| Altar of Elders | 5 | 900 | / | 250 |
| Moon Well | 11 | 1980 | / | 440 |
| Ancient of War | 5 | 750 | / | 300 |
| Ancient of Wonders | 2 | 180 | / | 60 |
| Hunter's Hall | 2 | 420 | / | 200 |
| Tree of Life | 8 | 2720 | / | 1480 |
| Ancient of Lore | 2 | 310 | / | 290 |
| Tree of Ages | 2 | 640 | / | 360 |
| Tree of Eternity | 2 | 660 | / | 400 |
| total: | 40 | 7935g | / | 3420w |
| 0:04 | Wisp |
| 0:04 | Wisp |
| 0:04 | Wisp |
| 0:08 | Altar of Elders |
| 0:12 | Moon Well |
| 0:19 | Wisp |
| 0:19 | Wisp |
| 0:52 | Ancient of War |
| 0:57 | Wisp |
| 0:57 | Wisp |
| 1:17 | Wisp |
| 1:29 | Moon Well |
| 1:35 | Wisp |
| 1:46 | Wisp |
| 1:53 | Archer |
| 1:59 | Ancient of Wonders |
| 2:01 | Wisp |
| 2:01 | Wisp |
| 2:04 | Wisp |
| 2:11 | Mana Burn |
| 2:56 | Tree of Ages |
| 4:40 | Hunter's Hall |
| 4:43 | Moon Well |
| 5:17 | Tree of Eternity |
| 5:22 | Moon Well |
| 5:26 | Evasion |
| 5:43 | Ancient of Lore |
| 5:45 | Ancient of Lore |
| 6:09 | Boots of Speed |
| 6:20 | Staff of Teleportation |
| 6:56 | Druid of the Claw Adept Training |
| 6:57 | Druid of the Claw |
| 7:14 | Druid of the Claw |
| 7:41 | Druid of the Claw Master Training |
| 7:44 | Druid of the Claw |
| 7:51 | Well Spring |
| 8:31 | Druid of the Claw |
| 9:02 | Druid of the Claw |
| 9:26 | Strength of the Wild |
| 9:26 | Ultravision |
| 9:40 | Ancient of War |
| 9:51 | Mark of the Claw |
| 10:06 | Mana Burn |
| 10:48 | Breath of Fire |
| 10:58 | Improved Strength of the Wild |
| 11:00 | Moon Well |
| 11:07 | Ancient Protector |
| 12:32 | Wisp |
| 12:32 | Wisp |
| 12:35 | Ancient Protector |
| 12:37 | Ancient Protector |
| 14:04 | Tree of Life |
| 15:46 | Altar of Elders |
| 18:19 | Moon Well |
| 18:36 | Moon Well |
| 19:35 | Wisp |
| 19:50 | Wisp |
| 19:50 | Wisp |
| 20:45 | Tree of Life |
| 21:18 | Tree of Life |
| 21:21 | Wisp |
| 21:21 | Wisp |
| 21:21 | Wisp |
| 21:21 | Wisp |
| 21:41 | Orb of Corruption |
| 22:21 | Tree of Life |
| 22:23 | Wisp |
| 22:23 | Wisp |
| 22:23 | Wisp |
| 22:44 | Ancient of War |
| 22:46 | Wisp |
| 22:53 | Wisp |
| 22:53 | Wisp |
| 22:53 | Wisp |
| 23:17 | Wisp |
| 23:25 | Ancient of War |
| 23:29 | Ancient of War |
| 23:39 | Wisp |
| 23:41 | Wisp |
| 24:36 | Archer |
| 24:37 | Archer |
| 24:44 | Wisp |
| 24:44 | Wisp |
| 24:48 | Wisp |
| 25:05 | Altar of Elders |
| 25:08 | Wisp |
| 25:08 | Wisp |
| 25:27 | Scroll of Town Portal |
| 25:44 | Wisp |
| 25:44 | Wisp |
| 25:47 | Wisp |
| 25:47 | Wisp |
| 25:51 | Moon Well |
| 25:52 | Moon Well |
| 25:59 | Drunken Haze |
| 26:39 | Ancient of Wonders |
| 26:41 | Wisp |
| 26:46 | Archer |
| 26:46 | Archer |
| 27:09 | Tree of Ages |
| 27:13 | Hunter's Hall |
| 27:15 | Moon Well |
| 27:32 | Potion of Lesser Invulnerability |
| 27:34 | Scroll of Town Portal |
| 27:35 | Scroll of Healing |
| 27:41 | Wisp |
| 28:33 | Glaive Thrower |
| 28:34 | Glaive Thrower |
| 29:12 | Glaive Thrower |
| 29:17 | Ancient Protector |
| 29:17 | Ancient Protector |
| 29:20 | Wisp |
| 29:21 | Wisp |
| 29:21 | Wisp |
| 29:33 | Glaive Thrower |
| 29:35 | Wisp |
| 29:36 | Wisp |
| 29:36 | Wisp |
| 29:36 | Wisp |
| 29:48 | Wisp |
| 29:48 | Wisp |
| 30:27 | Moon Well |
| 30:30 | Improved Bows |
| 30:34 | Strength of the Moon |
| 30:41 | Scroll of Healing |
| 30:41 | Scroll of Protection |
| 30:42 | Scroll of Healing |
| 30:54 | Tree of Eternity |
| 31:27 | Tree of Life |
| 32:15 | Evasion |
| 32:58 | Breath of Fire |
| 33:07 | Archer |
| 33:55 | Marksmanship |
| 33:56 | Glaive Thrower |
| 33:56 | Vorpal Blades |
| 34:36 | Archer |
| 34:59 | Glaive Thrower |
| 35:37 | Archer |
| 37:05 | Glaive Thrower |
| 37:27 | Tree of Life |
| 38:15 | Archer |
| 38:50 | Tree of Life |
| 39:34 | Altar of Elders |
| 40:01 | Wisp |
| 40:01 | Wisp |
| 40:01 | Wisp |
| 40:35 | Tree of Life |
| 41:04 | Altar of Elders |
| Right click | 1921 |
| Select group | 1343 |
| Select | 884 |
| Build/train/purchase | 199 |
| Use ability | 100 |
| Misc. action | 93 |
| Assign group | 51 |
| Minimap ping | 18 |
| Resource trade | 6 |
| Esc | 5 |
| Item give/drop | 2 |
| Remove unit | 1 |


| Lesser Clarity Potion | 2 | 140 |
| Scroll of Town Portal | 2 | 700 |
| total: | 4 | 840g |
| Peasant | 8 | 600 | / | 0 |
| Rifleman | 28 | 5740 | / | 840 |
| Flying Machine | 3 | 300 | / | 90 |
| Priest | 7 | 945 | / | 70 |
| Mortar Team | 7 | 1260 | / | 490 |
| Archer | 7 | 910 | / | 70 |
| total: | 60 | 9755g | / | 1560w |
| Scout Tower | 8 | 240 | / | 160 |
| Arcane Tower | 2 | 140 | / | 100 |
| Guard Tower | 2 | 140 | / | 100 |
| Farm | 11 | 880 | / | 220 |
| Altar of Kings | 3 | 540 | / | 150 |
| Barracks | 1 | 160 | / | 60 |
| Blacksmith | 1 | 140 | / | 60 |
| Arcane Vault | 1 | 130 | / | 30 |
| Lumber Mill | 1 | 120 | / | 0 |
| Town Hall | 1 | 385 | / | 205 |
| Arcane Sanctum | 1 | 150 | / | 140 |
| Workshop | 2 | 280 | / | 280 |
| Keep | 2 | 640 | / | 420 |
| Castle | 1 | 360 | / | 210 |
| total: | 30 | 3025g | / | 1305w |
| 0:07 | Peasant |
| 0:08 | Peasant |
| 0:26 | Peasant |
| 0:53 | Peasant |
| 1:06 | Peasant |
| 1:09 | Farm |
| 1:12 | Altar of Kings |
| 1:18 | Peasant |
| 1:26 | Barracks |
| 1:31 | Blacksmith |
| 1:38 | Farm |
| 1:39 | Peasant |
| 1:52 | Scout Tower |
| 1:57 | Peasant |
| 2:22 | Arcane Tower |
| 2:32 | Farm |
| 2:44 | Rifleman |
| 3:11 | Holy Light |
| 3:23 | Rifleman |
| 4:00 | Devotion Aura |
| 4:19 | Rifleman |
| 4:20 | Black Gunpowder |
| 4:21 | Keep |
| 4:28 | Farm |
| 5:07 | Rifleman |
| 5:37 | Rifleman |
| 6:05 | Arcane Vault |
| 6:49 | Long Rifles |
| 6:51 | Castle |
| 6:53 | Arcane Sanctum |
| 6:55 | Farm |
| 7:10 | Scroll of Town Portal |
| 7:11 | Lesser Clarity Potion |
| 7:38 | Farm |
| 8:31 | Devotion Aura |
| 8:41 | Magic Sentry |
| 8:42 | Priest Adept Training |
| 8:43 | Rifleman |
| 8:44 | Refined Gunpowder |
| 9:47 | Rifleman |
| 10:09 | Workshop |
| 10:39 | Flying Machine |
| 10:39 | Flying Machine |
| 10:43 | Farm |
| 10:56 | Storm Bolt |
| 11:08 | Scout Tower |
| 11:10 | Priest Master Training |
| 11:10 | Priest |
| 11:41 | Arcane Tower |
| 11:50 | Priest |
| 12:28 | Scout Tower |
| 12:29 | Scout Tower |
| 12:31 | Scout Tower |
| 12:39 | Lumber Mill |
| 13:11 | Scout Tower |
| 13:12 | Guard Tower |
| 13:14 | Improved Masonry |
| 13:14 | Improved Lumber Harvesting |
| 13:28 | Bash |
| 13:41 | Priest |
| 13:41 | Priest |
| 13:43 | Guard Tower |
| 14:20 | Priest |
| 14:23 | Farm |
| 15:17 | Rifleman |
| 15:18 | Rifleman |
| 15:43 | Rifleman |
| 15:43 | Rifleman |
| 15:55 | Scout Tower |
| 16:10 | Scroll of Town Portal |
| 17:00 | Mortar Team |
| 17:00 | Mortar Team |
| 17:01 | Mortar Team |
| 18:11 | Farm |
| 18:39 | Farm |
| 19:26 | Imbued Gunpowder |
| 19:29 | Studded Leather Armor |
| 19:33 | Mortar Team |
| 20:45 | Mortar Team |
| 20:45 | Mortar Team |
| 20:46 | Mortar Team |
| 20:47 | Rifleman |
| 22:37 | Altar of Kings |
| 22:50 | Town Hall |
| 23:32 | Altar of Kings |
| 24:20 | Rifleman |
| 25:33 | Rifleman |
| 27:09 | Rifleman |
| 27:10 | Rifleman |
| 27:11 | Rifleman |
| 27:16 | Keep |
| 27:18 | Farm |
| 29:03 | Storm Bolt |
| 30:04 | Rifleman |
| 30:08 | Workshop |
| 30:10 | Rifleman |
| 30:41 | Holy Light |
| 30:55 | Rifleman |
| 30:59 | Reinforced Leather Armor |
| 32:29 | Rifleman |
| 32:30 | Rifleman |
| 32:36 | Priest |
| 32:36 | Priest |
| 33:37 | Rifleman |
| 33:37 | Rifleman |
| 33:38 | Rifleman |
| 33:56 | Bash |
| 34:57 | Rifleman |
| 34:57 | Rifleman |
| 35:27 | Rifleman |
| 38:28 | Flying Machine |
| 43:34 | Lesser Clarity Potion |
| 44:47 | Devotion Aura |
| 45:20 | Archer |
| 45:20 | Archer |
| 45:20 | Archer |
| 45:20 | Archer |
| 45:21 | Archer |
| 45:21 | Archer |
| 45:21 | Archer |
| 45:58 | Scout Tower |
| Right click | 1302 |
| Select | 472 |
| Select group | 359 |
| Misc. action | 138 |
| Build/train/purchase | 118 |
| Minimap ping | 76 |
| Use ability | 67 |
| Assign group | 47 |
| Remove unit | 2 |
| Esc | 2 |
| Item give/drop | 1 |
팀킬방지위원회
(2)
(55:55) : 

| Potion of Mana | 3 | 600 |
| Lesser Clarity Potion | 3 | 210 |
| Potion of Healing | 1 | 150 |
| Staff of Sanctuary | 1 | 250 |
| Orb of Fire | 1 | 325 |
| Scroll of Town Portal | 7 | 2450 |
| Potion of Lesser Invulnerability | 2 | 300 |
| Boots of Speed | 2 | 500 |
| total: | 20 | 4785g |
| Peasant | 26 | 1950 | / | 0 |
| Footman | 2 | 270 | / | 0 |
| Dragonhawk Rider | 1 | 200 | / | 30 |
| Gryphon Rider | 29 | 8120 | / | 2030 |
| total: | 58 | 10540g | / | 2060w |
| Scout Tower | 33 | 990 | / | 660 |
| Arcane Tower | 2 | 140 | / | 100 |
| Guard Tower | 40 | 2800 | / | 2000 |
| Farm | 14 | 1120 | / | 280 |
| Altar of Kings | 2 | 360 | / | 100 |
| Lumber Mill | 1 | 120 | / | 0 |
| Barracks | 2 | 320 | / | 120 |
| Town Hall | 6 | 2310 | / | 1230 |
| Blacksmith | 1 | 140 | / | 60 |
| Arcane Vault | 1 | 130 | / | 30 |
| Gryphon Aviary | 3 | 420 | / | 450 |
| Keep | 6 | 1920 | / | 1260 |
| Castle | 5 | 1800 | / | 1050 |
| Ancient Protector | 14 | 1890 | / | 1120 |
| total: | 77 | 7800g | / | 4050w |
| 0:04 | Peasant |
| 0:04 | Peasant |
| 0:04 | Peasant |
| 0:25 | Farm |
| 0:34 | Peasant |
| 0:45 | Altar of Kings |
| 0:48 | Peasant |
| 0:58 | Altar of Kings |
| 1:02 | Farm |
| 1:04 | Peasant |
| 1:14 | Peasant |
| 1:25 | Lumber Mill |
| 1:34 | Peasant |
| 1:41 | Barracks |
| 1:42 | Peasant |
| 1:54 | Scout Tower |
| 2:07 | Peasant |
| 2:16 | Peasant |
| 2:16 | Peasant |
| 2:16 | Peasant |
| 2:16 | Peasant |
| 2:23 | Arcane Tower |
| 2:28 | Improved Lumber Harvesting |
| 2:28 | Advanced Lumber Harvesting |
| 3:04 | Holy Light |
| 4:22 | Town Hall |
| 5:23 | Peasant |
| 5:23 | Peasant |
| 5:24 | Peasant |
| 5:24 | Peasant |
| 5:24 | Peasant |
| 5:24 | Peasant |
| 5:24 | Peasant |
| 5:24 | Peasant |
| 5:24 | Peasant |
| 5:38 | Keep |
| 5:42 | Barracks |
| 5:46 | Scout Tower |
| 5:59 | Divine Shield |
| 6:03 | Scout Tower |
| 6:07 | Scout Tower |
| 6:08 | Scout Tower |
| 6:09 | Scout Tower |
| 6:36 | Scout Tower |
| 6:49 | Footman |
| 6:49 | Footman |
| 6:52 | Blacksmith |
| 6:53 | Farm |
| 6:55 | Guard Tower |
| 6:57 | Scout Tower |
| 7:10 | Peasant |
| 7:10 | Peasant |
| 7:11 | Peasant |
| 7:25 | Scroll of Town Portal |
| 7:25 | Potion of Mana |
| 7:26 | Lesser Clarity Potion |
| 7:30 | Potion of Healing |
| 7:31 | Potion of Mana |
| 7:37 | Guard Tower |
| 7:40 | Farm |
| 7:41 | Farm |
| 8:02 | Defend |
| 8:17 | Castle |
| 8:31 | Guard Tower |
| 8:31 | Guard Tower |
| 8:35 | Gryphon Aviary |
| 8:42 | Gryphon Aviary |
| 8:52 | Gryphon Aviary |
| 9:08 | Scout Tower |
| 9:09 | Scout Tower |
| 9:12 | Chemical Rage |
| 9:18 | Arcane Vault |
| 9:25 | Studded Leather Armor |
| 9:26 | Reinforced Leather Armor |
| 9:39 | Guard Tower |
| 10:25 | Dragonhawk Rider |
| 10:39 | Storm Hammers |
| 10:40 | Cloud |
| 10:40 | Gryphon Rider |
| 10:49 | Farm |
| 10:50 | Farm |
| 10:53 | Farm |
| 10:55 | Farm |
| 10:56 | Farm |
| 11:11 | Animal War Training |
| 11:14 | Gryphon Rider |
| 11:30 | Farm |
| 11:39 | Farm |
| 11:41 | Farm |
| 11:52 | Dragonhide Armor |
| 11:56 | Guard Tower |
| 13:03 | Staff of Sanctuary |
| 13:08 | Gryphon Rider |
| 13:59 | Town Hall |
| 14:06 | Scout Tower |
| 14:06 | Scout Tower |
| 14:07 | Scout Tower |
| 14:08 | Scout Tower |
| 14:09 | Scout Tower |
| 14:10 | Scout Tower |
| 14:11 | Scout Tower |
| 14:11 | Scout Tower |
| 14:12 | Scout Tower |
| 14:12 | Scout Tower |
| 14:43 | Orb of Fire |
| 14:53 | Guard Tower |
| 15:02 | Guard Tower |
| 15:16 | Guard Tower |
| 15:32 | Guard Tower |
| 15:40 | Gryphon Rider |
| 16:20 | Scout Tower |
| 16:21 | Scout Tower |
| 16:22 | Scout Tower |
| 16:51 | Guard Tower |
| 17:38 | Guard Tower |
| 17:47 | Guard Tower |
| 17:55 | Scout Tower |
| 17:58 | Scout Tower |
| 18:20 | Scout Tower |
| 18:23 | Scout Tower |
| 18:24 | Scout Tower |
| 18:24 | Scout Tower |
| 18:25 | Scout Tower |
| 18:26 | Scout Tower |
| 18:26 | Scout Tower |
| 18:27 | Scout Tower |
| 18:29 | Guard Tower |
| 18:41 | Keep |
| 18:48 | Town Hall |
| 19:13 | Iron Forged Swords |
| 19:13 | Steel Forged Swords |
| 19:15 | Guard Tower |
| 19:25 | Guard Tower |
| 19:31 | Guard Tower |
| 20:03 | Guard Tower |
| 20:03 | Guard Tower |
| 20:08 | Improved Masonry |
| 20:08 | Advanced Masonry |
| 20:31 | Guard Tower |
| 21:02 | Healing Spray |
| 21:05 | Potion of Lesser Invulnerability |
| 21:05 | Boots of Speed |
| 21:10 | Boots of Speed |
| 22:00 | Town Hall |
| 22:10 | Castle |
| 22:21 | Mithril Forged Swords |
| 22:22 | Imbued Masonry |
| 23:36 | Potion of Mana |
| 23:46 | Iron Plating |
| 23:47 | Steel Plating |
| 24:32 | Gryphon Rider |
| 25:14 | Potion of Lesser Invulnerability |
| 25:44 | Gryphon Rider |
| 25:57 | Gryphon Rider |
| 26:22 | Gryphon Rider |
| 26:43 | Gryphon Rider |
| 27:38 | Gryphon Rider |
| 27:50 | Gryphon Rider |
| 28:20 | Gryphon Rider |
| 28:44 | Gryphon Rider |
| 29:06 | Gryphon Rider |
| 29:27 | Gryphon Rider |
| 30:35 | Gryphon Rider |
| 30:42 | Holy Light |
| 30:50 | Gryphon Rider |
| 31:05 | Scroll of Town Portal |
| 31:57 | Chemical Rage |
| 34:21 | Gryphon Rider |
| 34:21 | Gryphon Rider |
| 34:58 | Gryphon Rider |
| 36:32 | Gryphon Rider |
| 37:33 | Lesser Clarity Potion |
| 37:36 | Divine Shield |
| 39:49 | Gryphon Rider |
| 39:58 | Holy Light |
| 40:01 | Lesser Clarity Potion |
| 40:03 | Scroll of Town Portal |
| 40:46 | Gryphon Rider |
| 42:21 | Gryphon Rider |
| 42:57 | Gryphon Rider |
| 44:06 | Gryphon Rider |
| 45:26 | Town Hall |
| 45:40 | Ancient Protector |
| 45:40 | Ancient Protector |
| 45:41 | Ancient Protector |
| 45:42 | Ancient Protector |
| 45:43 | Ancient Protector |
| 45:44 | Ancient Protector |
| 45:46 | Ancient Protector |
| 45:47 | Ancient Protector |
| 46:01 | Ancient Protector |
| 46:03 | Ancient Protector |
| 46:05 | Ancient Protector |
| 46:08 | Ancient Protector |
| 46:21 | Ancient Protector |
| 46:47 | Ancient Protector |
| 48:59 | Scroll of Town Portal |
| 48:59 | Scroll of Town Portal |
| 48:59 | Scroll of Town Portal |
| 48:59 | Scroll of Town Portal |
| 50:57 | Town Hall |
| 51:07 | Gryphon Rider |
| 51:57 | Resurrection |
| 52:08 | Healing Spray |
| 52:42 | Gryphon Rider |
| 53:11 | Gryphon Rider |
| 55:34 | Farm |
| Right click | 1998 |
| Select group | 1177 |
| Select | 808 |
| Build/train/purchase | 338 |
| Misc. action | 185 |
| Use ability | 80 |
| Assign group | 48 |
| Resource trade | 48 |
| Remove unit | 15 |
| Esc | 15 |
| Item give/drop | 7 |
195 units @ 20.4k
/ 3.3k
208 buildings @ 18.8k
/ 8.9k
DudeWhy
(236)
(55:57) : 

| Healing Salve | 1 | 100 |
| total: | 1 | 100g |
| Peasant | 20 | 1500 | / | 0 |
| Mortar Team | 12 | 2160 | / | 840 |
| Flying Machine | 2 | 200 | / | 60 |
| total: | 34 | 3860g | / | 900w |
| Scout Tower | 26 | 780 | / | 520 |
| Arcane Tower | 2 | 140 | / | 100 |
| Guard Tower | 11 | 770 | / | 550 |
| Altar of Kings | 3 | 540 | / | 150 |
| Farm | 25 | 2000 | / | 500 |
| Lumber Mill | 2 | 240 | / | 0 |
| Town Hall | 1 | 385 | / | 205 |
| Blacksmith | 1 | 140 | / | 60 |
| Workshop | 1 | 140 | / | 140 |
| Keep | 1 | 320 | / | 210 |
| Castle | 1 | 360 | / | 210 |
| total: | 59 | 4225g | / | 1575w |
| 0:04 | Peasant |
| 0:04 | Peasant |
| 0:11 | Peasant |
| 0:19 | Altar of Kings |
| 0:23 | Peasant |
| 0:34 | Farm |
| 0:36 | Peasant |
| 0:52 | Lumber Mill |
| 0:53 | Peasant |
| 0:57 | Farm |
| 1:00 | Peasant |
| 1:26 | Peasant |
| 1:33 | Peasant |
| 1:41 | Peasant |
| 1:46 | Farm |
| 1:48 | Peasant |
| 1:53 | Scout Tower |
| 1:54 | Scout Tower |
| 2:02 | Scout Tower |
| 2:04 | Peasant |
| 2:09 | Farm |
| 2:14 | Peasant |
| 2:25 | Storm Bolt |
| 2:35 | Arcane Tower |
| 2:40 | Guard Tower |
| 2:41 | Scout Tower |
| 2:42 | Scout Tower |
| 2:56 | Guard Tower |
| 3:46 | Town Hall |
| 3:53 | Guard Tower |
| 3:56 | Scout Tower |
| 3:57 | Scout Tower |
| 3:58 | Scout Tower |
| 4:35 | Peasant |
| 5:00 | Guard Tower |
| 5:02 | Scout Tower |
| 5:03 | Scout Tower |
| 5:15 | Peasant |
| 5:16 | Peasant |
| 5:19 | Peasant |
| 5:19 | Peasant |
| 5:24 | Improved Lumber Harvesting |
| 5:28 | Improved Masonry |
| 5:50 | Keep |
| 5:54 | Blacksmith |
| 6:00 | Scout Tower |
| 6:02 | Scout Tower |
| 6:05 | Guard Tower |
| 6:10 | Guard Tower |
| 6:58 | Guard Tower |
| 7:01 | Scout Tower |
| 7:02 | Scout Tower |
| 7:03 | Scout Tower |
| 7:03 | Scout Tower |
| 7:34 | Black Gunpowder |
| 8:57 | Altar of Kings |
| 9:01 | Guard Tower |
| 9:03 | Scout Tower |
| 9:04 | Scout Tower |
| 9:06 | Scout Tower |
| 9:07 | Scout Tower |
| 9:07 | Scout Tower |
| 9:08 | Scout Tower |
| 9:21 | Workshop |
| 9:41 | Guard Tower |
| 9:48 | Bash |
| 9:49 | Bash |
| 9:56 | Farm |
| 9:58 | Farm |
| 10:09 | Farm |
| 10:40 | Mortar Team |
| 10:44 | Farm |
| 10:48 | Farm |
| 10:51 | Farm |
| 10:52 | Farm |
| 10:56 | Refined Gunpowder |
| 11:02 | Castle |
| 11:16 | Flare |
| 12:06 | Lumber Mill |
| 12:07 | Mortar Team |
| 12:08 | Mortar Team |
| 12:19 | Scout Tower |
| 12:20 | Scout Tower |
| 12:21 | Scout Tower |
| 12:23 | Scout Tower |
| 13:17 | Guard Tower |
| 13:24 | Peasant |
| 13:24 | Peasant |
| 14:16 | Holy Light |
| 15:35 | Storm Bolt |
| 15:36 | Storm Bolt |
| 15:38 | Divine Shield |
| 15:39 | Divine Shield |
| 15:40 | Divine Shield |
| 16:25 | Fragmentation Shards |
| 16:25 | Mortar Team |
| 16:26 | Mortar Team |
| 17:12 | Healing Salve |
| 18:48 | Imbued Gunpowder |
| 18:49 | Iron Plating |
| 18:50 | Flying Machine |
| 18:51 | Mortar Team |
| 18:52 | Mortar Team |
| 18:55 | Flying Machine Bombs |
| 18:55 | Flying Machine |
| 18:55 | Farm |
| 18:57 | Advanced Masonry |
| 18:57 | Advanced Lumber Harvesting |
| 18:58 | Farm |
| 19:02 | Guard Tower |
| 29:32 | Bash |
| 29:34 | Bash |
| 29:35 | Holy Light |
| 29:37 | Holy Light |
| 31:39 | Arcane Tower |
| 35:28 | Storm Bolt |
| 35:31 | Divine Shield |
| 37:02 | Altar of Kings |
| 38:32 | Farm |
| 38:33 | Farm |
| 38:34 | Farm |
| 38:35 | Farm |
| 38:35 | Farm |
| 38:36 | Farm |
| 38:37 | Farm |
| 40:50 | Storm Bolt |
| 40:51 | Avatar |
| 44:38 | Avatar |
| 49:33 | Farm |
| 49:34 | Farm |
| 55:16 | Mortar Team |
| 55:16 | Mortar Team |
| 55:16 | Mortar Team |
| 55:16 | Mortar Team |
| 55:17 | Mortar Team |
| 55:22 | Farm |
| 55:23 | Farm |
| 55:24 | Farm |
| Right click | 2310 |
| Select group | 1051 |
| Select | 578 |
| Misc. action | 210 |
| Use ability | 189 |
| Resource trade | 132 |
| Build/train/purchase | 125 |
| Minimap ping | 39 |
| Assign group | 20 |
| Esc | 2 |
| Item give/drop | 1 |


| Peasant | 40 | 3000 | / | 0 |
| total: | 40 | 3000g | / | 0w |
| Scout Tower | 70 | 2100 | / | 1400 |
| Arcane Tower | 1 | 70 | / | 50 |
| Guard Tower | 24 | 1680 | / | 1200 |
| Altar of Kings | 2 | 360 | / | 100 |
| Farm | 7 | 560 | / | 140 |
| Lumber Mill | 2 | 240 | / | 0 |
| Town Hall | 14 | 5390 | / | 2870 |
| Keep | 2 | 640 | / | 420 |
| total: | 95 | 8650g | / | 4510w |
| 0:10 | Altar of Kings |
| 0:11 | Peasant |
| 0:11 | Peasant |
| 0:12 | Peasant |
| 0:12 | Peasant |
| 0:31 | Farm |
| 0:32 | Farm |
| 0:35 | Farm |
| 0:53 | Lumber Mill |
| 1:14 | Scout Tower |
| 1:40 | Peasant |
| 1:40 | Peasant |
| 1:40 | Peasant |
| 1:40 | Peasant |
| 1:40 | Peasant |
| 1:49 | Arcane Tower |
| 2:03 | Improved Lumber Harvesting |
| 2:05 | Peasant |
| 2:25 | Storm Bolt |
| 2:42 | Scout Tower |
| 2:43 | Scout Tower |
| 2:47 | Peasant |
| 2:47 | Peasant |
| 2:47 | Peasant |
| 2:58 | Scout Tower |
| 2:58 | Scout Tower |
| 2:59 | Scout Tower |
| 3:00 | Scout Tower |
| 3:30 | Peasant |
| 3:30 | Peasant |
| 3:48 | Scout Tower |
| 3:49 | Scout Tower |
| 3:51 | Scout Tower |
| 3:52 | Scout Tower |
| 3:54 | Guard Tower |
| 4:26 | Guard Tower |
| 4:32 | Scout Tower |
| 4:32 | Scout Tower |
| 4:34 | Scout Tower |
| 4:35 | Scout Tower |
| 4:44 | Guard Tower |
| 4:46 | Guard Tower |
| 5:07 | Guard Tower |
| 5:18 | Keep |
| 5:37 | Scout Tower |
| 5:39 | Scout Tower |
| 5:40 | Scout Tower |
| 5:41 | Scout Tower |
| 5:41 | Scout Tower |
| 5:48 | Guard Tower |
| 6:17 | Guard Tower |
| 6:20 | Scout Tower |
| 6:23 | Scout Tower |
| 6:37 | Scout Tower |
| 6:41 | Scout Tower |
| 6:41 | Scout Tower |
| 6:45 | Scout Tower |
| 6:45 | Scout Tower |
| 6:47 | Guard Tower |
| 6:52 | Guard Tower |
| 8:08 | Guard Tower |
| 8:26 | Guard Tower |
| 8:44 | Holy Light |
| 9:01 | Scout Tower |
| 9:01 | Scout Tower |
| 9:03 | Scout Tower |
| 9:04 | Scout Tower |
| 9:37 | Guard Tower |
| 9:39 | Advanced Lumber Harvesting |
| 9:41 | Improved Masonry |
| 9:54 | Scout Tower |
| 9:54 | Scout Tower |
| 9:55 | Scout Tower |
| 9:56 | Scout Tower |
| 9:57 | Scout Tower |
| 10:55 | Town Hall |
| 10:58 | Guard Tower |
| 12:25 | Town Hall |
| 12:42 | Town Hall |
| 12:53 | Lumber Mill |
| 14:17 | Guard Tower |
| 14:20 | Guard Tower |
| 14:22 | Guard Tower |
| 14:24 | Guard Tower |
| 15:13 | Scout Tower |
| 15:13 | Scout Tower |
| 15:14 | Scout Tower |
| 15:14 | Scout Tower |
| 15:15 | Scout Tower |
| 15:53 | Keep |
| 16:24 | Guard Tower |
| 16:55 | Town Hall |
| 17:04 | Guard Tower |
| 18:19 | Advanced Masonry |
| 18:57 | Farm |
| 18:57 | Farm |
| 19:03 | Farm |
| 19:04 | Farm |
| 20:22 | Peasant |
| 20:22 | Peasant |
| 20:22 | Peasant |
| 20:54 | Peasant |
| 20:55 | Peasant |
| 22:52 | Scout Tower |
| 22:53 | Scout Tower |
| 22:54 | Scout Tower |
| 22:55 | Scout Tower |
| 22:55 | Scout Tower |
| 22:56 | Scout Tower |
| 22:57 | Scout Tower |
| 22:58 | Scout Tower |
| 22:58 | Scout Tower |
| 23:36 | Peasant |
| 23:36 | Peasant |
| 23:42 | Peasant |
| 23:42 | Peasant |
| 23:42 | Peasant |
| 23:43 | Peasant |
| 23:43 | Peasant |
| 24:14 | Guard Tower |
| 25:16 | Guard Tower |
| 25:22 | Town Hall |
| 27:40 | Scout Tower |
| 27:41 | Scout Tower |
| 27:41 | Scout Tower |
| 27:43 | Scout Tower |
| 27:44 | Scout Tower |
| 27:45 | Scout Tower |
| 27:46 | Scout Tower |
| 27:47 | Scout Tower |
| 27:49 | Scout Tower |
| 27:49 | Scout Tower |
| 27:50 | Scout Tower |
| 27:51 | Scout Tower |
| 28:34 | Guard Tower |
| 29:19 | Guard Tower |
| 29:31 | Scout Tower |
| 29:32 | Scout Tower |
| 29:32 | Scout Tower |
| 29:33 | Scout Tower |
| 29:34 | Scout Tower |
| 29:34 | Scout Tower |
| 29:35 | Scout Tower |
| 29:36 | Scout Tower |
| 30:11 | Guard Tower |
| 32:15 | Town Hall |
| 33:37 | Altar of Kings |
| 42:18 | Town Hall |
| 49:13 | Town Hall |
| 49:22 | Town Hall |
| 50:54 | Town Hall |
| 51:11 | Town Hall |
| 53:57 | Peasant |
| 53:57 | Peasant |
| 53:57 | Peasant |
| 53:58 | Peasant |
| 53:58 | Peasant |
| 53:58 | Peasant |
| 53:58 | Peasant |
| 54:48 | Peasant |
| 54:48 | Peasant |
| 54:49 | Peasant |
| 54:49 | Peasant |
| 54:52 | Peasant |
| 54:52 | Peasant |
| 55:06 | Town Hall |
| 55:20 | Town Hall |
| 55:29 | Town Hall |
| Right click | 418 |
| Select | 370 |
| Minimap ping | 117 |
| Build/train/purchase | 83 |
| Resource trade | 26 |
| Remove unit | 9 |
| Chat | 8 |
| Misc. action | 2 |
| Use ability | 1 |


| Peasant | 10 | 750 | / | 0 |
| Flying Machine | 45 | 4500 | / | 1350 |
| Dragonhawk Rider | 16 | 3200 | / | 480 |
| Mortar Team | 3 | 540 | / | 210 |
| total: | 74 | 8990g | / | 2040w |
| Scout Tower | 5 | 150 | / | 100 |
| Guard Tower | 3 | 210 | / | 150 |
| Arcane Tower | 1 | 70 | / | 50 |
| Altar of Kings | 2 | 360 | / | 100 |
| Lumber Mill | 2 | 240 | / | 0 |
| Farm | 16 | 1280 | / | 320 |
| Blacksmith | 2 | 280 | / | 120 |
| Arcane Vault | 1 | 130 | / | 30 |
| Workshop | 3 | 420 | / | 420 |
| Gryphon Aviary | 1 | 140 | / | 150 |
| Keep | 1 | 320 | / | 210 |
| Castle | 2 | 720 | / | 420 |
| total: | 32 | 3000g | / | 1240w |
| 0:04 | Peasant |
| 0:04 | Peasant |
| 0:10 | Peasant |
| 0:13 | Altar of Kings |
| 0:24 | Peasant |
| 0:30 | Lumber Mill |
| 0:48 | Peasant |
| 1:05 | Farm |
| 1:18 | Farm |
| 1:21 | Peasant |
| 1:21 | Peasant |
| 1:21 | Peasant |
| 1:35 | Improved Lumber Harvesting |
| 1:48 | Scout Tower |
| 1:54 | Scout Tower |
| 1:56 | Scout Tower |
| 2:00 | Peasant |
| 2:00 | Peasant |
| 2:22 | Guard Tower |
| 2:24 | Arcane Tower |
| 2:36 | Keep |
| 3:17 | Scout Tower |
| 3:18 | Scout Tower |
| 3:23 | Improved Masonry |
| 3:28 | Storm Bolt |
| 3:47 | Guard Tower |
| 3:59 | Blacksmith |
| 4:02 | Farm |
| 4:03 | Farm |
| 4:05 | Blacksmith |
| 4:37 | Guard Tower |
| 4:57 | Castle |
| 5:18 | Workshop |
| 5:19 | Workshop |
| 5:21 | Workshop |
| 5:24 | Farm |
| 5:25 | Farm |
| 5:26 | Farm |
| 5:27 | Black Gunpowder |
| 5:31 | Advanced Masonry |
| 6:23 | Holy Light |
| 6:56 | Flying Machine |
| 6:56 | Flying Machine |
| 6:57 | Flak Cannons |
| 6:59 | Refined Gunpowder |
| 7:00 | Iron Plating |
| 7:16 | Farm |
| 7:17 | Farm |
| 7:18 | Farm |
| 7:21 | Farm |
| 7:25 | Flying Machine Bombs |
| 7:45 | Flying Machine |
| 7:45 | Flying Machine |
| 7:46 | Flying Machine |
| 7:58 | Imbued Masonry |
| 8:04 | Fragmentation Shards |
| 8:05 | Flare |
| 8:06 | Flying Machine |
| 8:06 | Flying Machine |
| 8:14 | Imbued Gunpowder |
| 8:15 | Steel Plating |
| 8:39 | Flying Machine |
| 8:39 | Flying Machine |
| 8:39 | Flying Machine |
| 8:41 | Flying Machine |
| 8:41 | Flying Machine |
| 8:45 | Farm |
| 8:45 | Farm |
| 8:46 | Farm |
| 8:56 | Flying Machine |
| 8:56 | Flying Machine |
| 8:56 | Flying Machine |
| 8:56 | Flying Machine |
| 9:04 | Gryphon Aviary |
| 9:09 | Arcane Vault |
| 9:18 | Flying Machine |
| 9:19 | Flying Machine |
| 10:30 | Flying Machine |
| 10:31 | Flying Machine |
| 10:31 | Flying Machine |
| 10:31 | Flying Machine |
| 10:31 | Flying Machine |
| 10:33 | Flying Machine |
| 10:33 | Flying Machine |
| 10:37 | Cloud |
| 10:37 | Dragonhawk Rider |
| 10:37 | Dragonhawk Rider |
| 10:37 | Dragonhawk Rider |
| 11:32 | Mithril Plating |
| 13:28 | Bash |
| 17:48 | Farm |
| 17:49 | Farm |
| 18:59 | Lumber Mill |
| 23:53 | Storm Bolt |
| 24:00 | Holy Light |
| 26:59 | Flying Machine |
| 26:59 | Flying Machine |
| 26:59 | Flying Machine |
| 26:59 | Flying Machine |
| 28:23 | Flying Machine |
| 28:23 | Flying Machine |
| 29:36 | Dragonhawk Rider |
| 29:36 | Dragonhawk Rider |
| 29:36 | Dragonhawk Rider |
| 30:44 | Dragonhawk Rider |
| 33:30 | Flying Machine |
| 33:31 | Flying Machine |
| 33:31 | Flying Machine |
| 33:46 | Bash |
| 33:48 | Divine Shield |
| 35:40 | Flying Machine |
| 35:40 | Flying Machine |
| 35:41 | Flying Machine |
| 35:41 | Flying Machine |
| 35:41 | Flying Machine |
| 35:41 | Flying Machine |
| 35:41 | Flying Machine |
| 35:50 | Dragonhawk Rider |
| 37:52 | Storm Bolt |
| 39:47 | Holy Light |
| 39:51 | Dragonhawk Rider |
| 39:51 | Dragonhawk Rider |
| 41:12 | Flying Machine |
| 41:12 | Flying Machine |
| 42:29 | Holy Light |
| 44:54 | Altar of Kings |
| 44:58 | Avatar |
| 45:09 | Flying Machine |
| 45:09 | Flying Machine |
| 48:26 | Dragonhawk Rider |
| 48:26 | Dragonhawk Rider |
| 48:27 | Dragonhawk Rider |
| 48:29 | Studded Leather Armor |
| 50:24 | Resurrection |
| 50:27 | Resurrection |
| 53:36 | Bash |
| 53:44 | Divine Shield |
| 54:17 | Mortar Team |
| 54:31 | Mortar Team |
| 54:32 | Mortar Team |
| 54:49 | Dragonhawk Rider |
| 54:49 | Dragonhawk Rider |
| 54:50 | Dragonhawk Rider |
| Select group | 3817 |
| Right click | 3286 |
| Select | 620 |
| Build/train/purchase | 135 |
| Chat | 71 |
| Resource trade | 55 |
| Use ability | 42 |
| Assign group | 41 |
| Minimap ping | 36 |
| Misc. action | 1 |
| Item give/drop | 1 |
| Remove unit | 1 |
| Esc | 1 |
Cabeelibob
(194)
(55:57) : 
| Healing Salve | 3 | 300 |
| Lesser Clarity Potion | 14 | 980 |
| Orb of Lightning | 1 | 375 |
| Tiny Great Hall | 3 | 1800 |
| Potion of Mana | 5 | 1000 |
| Staff of Teleportation | 1 | 150 |
| Boots of Speed | 3 | 750 |
| Circlet of Nobility | 1 | 175 |
| total: | 31 | 5530g |
| Peon | 35 | 2625 | / | 0 |
| Kodo Beast | 2 | 510 | / | 120 |
| Troll Witch Doctor | 10 | 1450 | / | 250 |
| total: | 47 | 4585g | / | 370w |
| Watch Tower | 12 | 1320 | / | 960 |
| Altar of Storms | 1 | 180 | / | 50 |
| Orc Burrow | 5 | 800 | / | 200 |
| War Mill | 1 | 205 | / | 0 |
| Voodoo Lounge | 1 | 130 | / | 30 |
| Spirit Lodge | 1 | 150 | / | 150 |
| Beastiary | 1 | 145 | / | 140 |
| Stronghold | 1 | 315 | / | 190 |
| Fortress | 1 | 325 | / | 190 |
| total: | 22 | 2930g | / | 1530w |
| 0:14 | Altar of Storms |
| 0:15 | Peon |
| 0:16 | Peon |
| 0:24 | Orc Burrow |
| 0:25 | Peon |
| 0:30 | Peon |
| 0:55 | Peon |
| 1:09 | Peon |
| 1:24 | Orc Burrow |
| 1:33 | War Mill |
| 1:35 | Peon |
| 1:50 | Peon |
| 2:09 | Peon |
| 2:19 | Orc Burrow |
| 2:23 | Peon |
| 2:38 | Wind Walk |
| 2:46 | Peon |
| 2:46 | Peon |
| 3:30 | Voodoo Lounge |
| 5:03 | Watch Tower |
| 5:03 | Watch Tower |
| 5:23 | Healing Salve |
| 5:23 | Healing Salve |
| 5:42 | Peon |
| 5:42 | Peon |
| 5:42 | Peon |
| 7:17 | Stronghold |
| 8:24 | Critical Strike |
| 11:12 | Fortress |
| 11:41 | Lesser Clarity Potion |
| 13:34 | Orb of Lightning |
| 13:36 | Lesser Clarity Potion |
| 13:44 | Spirit Lodge |
| 13:46 | Beastiary |
| 14:20 | Staff of Teleportation |
| 14:20 | Boots of Speed |
| 14:29 | Critical Strike |
| 15:46 | War Drums Damage Increase |
| 15:46 | Liquid Fire |
| 15:47 | Witch Doctor Adept Training |
| 16:25 | Reinforced Defenses |
| 16:30 | Kodo Beast |
| 16:31 | Kodo Beast |
| 16:57 | Tiny Great Hall |
| 17:19 | Witch Doctor Master Training |
| 17:20 | Troll Witch Doctor |
| 17:20 | Troll Witch Doctor |
| 17:20 | Troll Witch Doctor |
| 17:21 | Troll Witch Doctor |
| 18:23 | Orc Burrow |
| 18:31 | Orc Burrow |
| 19:13 | Lesser Clarity Potion |
| 19:36 | Peon |
| 19:36 | Peon |
| 19:36 | Peon |
| 19:37 | Peon |
| 19:37 | Peon |
| 19:38 | Peon |
| 20:50 | Lesser Clarity Potion |
| 20:52 | Potion of Mana |
| 22:39 | Tiny Great Hall |
| 22:49 | Watch Tower |
| 22:49 | Watch Tower |
| 22:55 | Watch Tower |
| 22:56 | Watch Tower |
| 23:00 | Spiked Barricades |
| 23:15 | Lesser Clarity Potion |
| 23:44 | Wind Walk |
| 24:50 | Troll Witch Doctor |
| 24:50 | Troll Witch Doctor |
| 25:01 | Lesser Clarity Potion |
| 25:14 | Lesser Clarity Potion |
| 25:18 | Healing Salve |
| 26:17 | Circlet of Nobility |
| 29:01 | Potion of Mana |
| 29:05 | Lesser Clarity Potion |
| 30:21 | Critical Strike |
| 31:03 | Pillage |
| 31:04 | Backpack |
| 31:19 | Ensnare |
| 34:02 | Troll Witch Doctor |
| 34:02 | Troll Witch Doctor |
| 34:02 | Troll Witch Doctor |
| 34:04 | Troll Witch Doctor |
| 36:12 | Potion of Mana |
| 36:37 | Bladestorm |
| 37:30 | Lesser Clarity Potion |
| 39:15 | Peon |
| 39:15 | Peon |
| 39:15 | Peon |
| 39:16 | Peon |
| 39:16 | Peon |
| 40:12 | Watch Tower |
| 40:14 | Watch Tower |
| 40:15 | Watch Tower |
| 40:16 | Watch Tower |
| 40:18 | Watch Tower |
| 40:20 | Watch Tower |
| 40:24 | Peon |
| 40:24 | Peon |
| 40:24 | Peon |
| 40:24 | Peon |
| 40:33 | Potion of Mana |
| 40:34 | Lesser Clarity Potion |
| 41:52 | Wind Walk |
| 42:54 | Mirror Image |
| 43:21 | Boots of Speed |
| 43:21 | Boots of Speed |
| 45:15 | Lesser Clarity Potion |
| 45:17 | Tiny Great Hall |
| 46:59 | Peon |
| 46:59 | Peon |
| 47:00 | Peon |
| 47:00 | Peon |
| 47:00 | Peon |
| 47:18 | Lesser Clarity Potion |
| 48:46 | Lesser Clarity Potion |
| 48:49 | Potion of Mana |
| 50:19 | Mirror Image |
| 50:35 | Lesser Clarity Potion |
| 53:43 | Mirror Image |
| Right click | 2179 |
| Misc. action | 282 |
| Select | 277 |
| Select group | 237 |
| Build/train/purchase | 204 |
| Resource trade | 147 |
| Chat | 109 |
| Use ability | 41 |
| Remove unit | 22 |
| Item give/drop | 11 |
| Minimap ping | 8 |
| Assign group | 7 |